[Event "Amsterdam Chess Open 2024"]
[Site "Amsterdam"]
[Date "2024.11.03"]
[Round "5.17"]
[White "Ophardt, Paul"]
[Black "De Witte, Stein"]
[Result "1-0"]
[ECO "D36"]
[WhiteElo "1981"]
[BlackElo "1921"]
[Annotator "RC"]
[PlyCount "101"]
[EventDate "2024.10.31"]
[EventType "swiss"]
[EventCountry "NED"]
[SourceTitle "playchess.com"]
[Source "ChessBase"]
[SourceQuality "1"]
[TimeControl "5400+30"]

1. d4 d5 2. c4 e6 3. Nc3 Nf6 4. cxd5 exd5 5. Bg5 c6 6. e3 h6 7. Bh4 Be7 8. Bd3 O-O 9. Nge2 Re8 10. O-O Nbd7 11. Qc2 a5 12. a4 Nh5 13. Bxe7 Qxe7 14. Kh1 Ndf6 15. Rae1 Bd7 16. Ng1 Ne4 17. Qe2 g6 18. Nf3 Bg4 19. Qc2 Bxf3 20. gxf3 Qf6 21. Be2 Nd6 22. Rg1 Qf5 23. Qd1 Ng7 24. Rg2 Re6 25. Reg1 Rf6 26. Rg4 Qd7 27. Bd3 h5 28. R4g2 Kf8 29. e4 dxe4 30. fxe4 Rf4 31. Qd2 Rf3 32. Be2 Rxc3 33. bxc3 Nxe4 34. Qh6 Qf5 35. Qh8+ Ke7 36. Qxa8 Nxf2+ 37. Rxf2 Qxf2 38. Qxb7+ Kd6 39. Qb8+ Kd7 40. Qa7+ Kd6 41. Qc5+ Kd7 42. Bf1 Ne6 43. Qa7+ Kd6 44. Bg2 Nf4 45. Qc5+ Kd7 46. Qxc6+ Ke7 47. Qf3 Qh4 48. Qe4+ Kf8 49. d5 f5 50. Qf3 g5 51. Qg3 1-0

[Event "Amsterdam Chess Open 2024"]
[Site "Amsterdam"]
[Date "2024.11.03"]
[Round "5.18"]
[White "Verschoor, Scott"]
[Black "Sleeckx, Alexander"]
[Result "1-0"]
[ECO "E35"]
[WhiteElo "1966"]
[BlackElo "1928"]
[Annotator "RC"]
[PlyCount "105"]
[EventDate "2024.10.31"]
[EventType "swiss"]
[EventCountry "NED"]
[SourceTitle "playchess.com"]
[Source "ChessBase"]
[SourceQuality "1"]
[TimeControl "5400+30"]

1. d4 Nf6 2. c4 e6 3. Nc3 Bb4 4. Qc2 d5 5. cxd5 exd5 6. Bg5 c5 7. dxc5 h6 8. Bh4 g5 9. Bg3 Ne4 10. Be5 O-O 11. a3 Qa5 12. Rc1 Bxc5 13. e3 Nc6 14. Bg3 Bf5 15. Bd3 d4 16. Bxe4 Bxe4 17. Qxe4 dxc3 18. bxc3 Bxa3 19. Rc2 Qb5 20. Ra2 Rfd8 21. Ne2 Bf8 22. O-O Qc5 23. h4 Bg7 24. hxg5 hxg5 25. Qb1 b6 26. Nd4 Na5 27. Rc1 Nc4 28. Qa1 a5 29. Rb1 Bxd4 30. cxd4 Qc6 31. Rc1 b5 32. Qb1 Qd5 33. e4 Qd7 34. d5 Rdc8 35. Qa1 Ra6 36. Qd4 Qe7 37. e5 Qc5 38. Qe4 a4 39. e6 Qe7 40. exf7+ Qxf7 41. d6 Nxd6 42. Rxc8+ Nxc8 43. Rd2 Qe7 44. Qd5+ Kg7 45. Be5+ Kh6 46. Rd3 Qe6 47. Rh3+ Kg6 48. Qd3+ Kf7 49. Rh7+ Ke8 50. Rh8+ Ke7 51. Qd8+ Kf7 52. Qf8+ Kg6 53. Rh6# 1-0

[Event "Amsterdam Chess Open 2024"]
[Site "Amsterdam"]
[Date "2024.11.03"]
[Round "5.19"]
[White "Straat, Evert-Jan"]
[Black "Boonstra, Jasper"]
[Result "1-0"]
[ECO "D90"]
[WhiteElo "1955"]
[BlackElo "1891"]
[Annotator "RC"]
[PlyCount "85"]
[EventDate "2024.10.31"]
[EventType "swiss"]
[EventCountry "NED"]
[SourceTitle "playchess.com"]
[Source "ChessBase"]
[SourceQuality "1"]
[TimeControl "5400+30"]

1. d4 Nf6 2. c4 g6 3. Nc3 d5 4. cxd5 Nxd5 5. Bd2 Nb6 6. Nf3 Bg7 7. Bf4 O-O 8. Rc1 c5 9. dxc5 Qxd1+ 10. Nxd1 Nd5 11. Be5 Nc6 12. Bxg7 Kxg7 13. Nc3 Nc7 14. e3 Bg4 15. Be2 Ne6 16. Ne4 Bxf3 17. gxf3 Rac8 18. a3 f5 19. Nd2 Ne5 20. b4 Rfd8 21. Nc4 Nd3+ 22. Bxd3 Rxd3 23. Ke2 Rcd8 24. Rhd1 Rxd1 25. Rxd1 Kf6 26. Rxd8 Nxd8 27. f4 Ke6 28. Kd3 Kd5 29. f3 Ne6 30. Na5 Nd8 31. h3 b5 32. cxb6 axb6 33. Nb3 Ne6 34. Nd4 Nxd4 35. exd4 b5 36. Kc3 e6 37. h4 h6 38. Kb3 Kxd4 39. a4 e5 40. axb5 Kd5 41. fxe5 Kxe5 42. f4+ Kd6 43. Kc4 1-0

[Event "Amsterdam Chess Open 2024"]
[Site "Amsterdam"]
[Date "2024.11.03"]
[Round "5.20"]
[White "Heus, Daan"]
[Black "Krylov, Philippe"]
[Result "1/2-1/2"]
[ECO "E11"]
[WhiteElo "1914"]
[BlackElo "1950"]
[Annotator "RC"]
[PlyCount "49"]
[EventDate "2024.10.31"]
[EventType "swiss"]
[EventCountry "NED"]
[SourceTitle "playchess.com"]
[Source "ChessBase"]
[SourceQuality "1"]
[TimeControl "5400+30"]

1. d4 Nf6 2. c4 e6 3. g3 d5 4. Nf3 Bb4+ 5. Bd2 Be7 6. Bg2 O-O 7. O-O c6 8. Qc2 Nbd7 9. Rd1 a5 10. Bg5 h6 11. Bxf6 Nxf6 12. Nbd2 a4 13. e4 dxe4 14. Nxe4 Qa5 15. Rac1 Rd8 16. Qe2 a3 17. b3 Bd7 18. Ne5 Be8 19. Qe3 Rac8 20. h4 Qa7 21. Rd3 b5 22. Rcd1 b4 23. Qf4 Qc7 24. Qe3 Qa7 25. Qf4 1/2-1/2

[Event "Amsterdam Chess Open 2024"]
[Site "Amsterdam"]
[Date "2024.11.03"]
[Round "5.21"]
[White "Shakya, Amrit"]
[Black "Erisen, Sinan"]
[Result "1-0"]
[ECO "B06"]
[WhiteElo "1756"]
[BlackElo "1745"]
[Annotator "NA RC"]
[PlyCount "85"]
[EventDate "2024.10.31"]
[EventType "swiss"]
[EventCountry "NED"]
[SourceTitle "playchess.com"]
[Source "ChessBase"]
[SourceQuality "1"]
[TimeControl "5400+30"]

1. e4 g6 2. d4 Bg7 3. Be3 d6 4. Bc4 a6 5. Ne2 b5 6. Bb3 c5 7. dxc5 Bxb2 8. Bd4 Bxa1 9. Bxa1 Nf6 10. Bxf6 exf6 11. Bxf7+ Ke7 12. Bd5 Ra7 13. c6 Qb6 14. Qd2 Nxc6 15. Qh6 Kd8 16. Nf4 Ne5 17. O-O Ng4 18. Qh4 g5 19. Qg3 gxf4 20. Qxf4 h5 21. Nc3 Qc7 22. Ne2 Qe7 23. Nd4 Bd7 24. Qd2 Ne5 25. Qa5+ Ke8 26. Qb6 Bc8 27. Nf5 Qc7 28. Qd4 Bxf5 29. exf5 Qc5 30. Qe4 Re7 31. Bb3 Qa7 32. Kh1 Ng4 33. Be6 Kf8 34. Qf3 Ne5 35. Qg3 Rg7 36. Qh4 Ke7 37. h3 Qb7 38. f3 Qc6 39. Qd4 Kd8 40. Rd1 Nxf3 41. Qxf6+ Ke8 42. Qxg7 Rf8 43. f6 1-0

[Event "Amsterdam Chess Open 2024"]
[Site "Amsterdam"]
[Date "2024.11.03"]
[Round "5.22"]
[White "Van der Velden, Rens"]
[Black "Schebek, Paul"]
[Result "1/2-1/2"]
[ECO "B12"]
[WhiteElo "1798"]
[BlackElo "1696"]
[Annotator "NA RC"]
[PlyCount "139"]
[EventDate "2024.10.31"]
[EventType "swiss"]
[EventCountry "NED"]
[SourceTitle "playchess.com"]
[Source "ChessBase"]
[SourceQuality "1"]
[TimeControl "5400+30"]

1. e4 c6 2. d4 d5 3. f3 e6 4. Nc3 c5 5. Bf4 a6 6. exd5 cxd4 7. Qxd4 Nf6 8. O-O-O exd5 9. Nxd5 Nxd5 10. Qxd5 Qxd5 11. Rxd5 Be6 12. Re5 Nc6 13. Re1 O-O-O 14. a3 Bd6 15. Bxd6 Rxd6 16. Rd1 Rhd8 17. Rxd6 Rxd6 18. Ne2 f6 19. Nc3 Kc7 20. Bd3 h6 21. Rd1 Ne5 22. Be4 Rxd1+ 23. Kxd1 Nc4 24. Kc1 f5 25. Bd5 Bxd5 26. Nxd5+ Kd6 27. Nf4 g5 28. Nd3 Ne3 29. Ne1 g4 30. fxg4 fxg4 31. Kd2 Nc4+ 32. Kc3 Ne3 33. Kd3 Nf1 34. Ke2 Nxh2 35. g3 Kd5 36. Kf2 Ke4 37. Kg2 Nf3 38. Nxf3 gxf3+ 39. Kf2 b5 40. c3 Kd3 41. Kxf3 Kc2 42. Kg4 Kxb2 43. Kh5 Kxc3 44. Kxh6 Kb3 45. g4 Kxa3 46. g5 b4 47. g6 b3 48. g7 b2 49. g8=Q b1=Q 50. Qf8+ Qb4 51. Qf3+ Ka4 52. Qc6+ Ka5 53. Qd5+ Qb5 54. Qd2+ Kb6 55. Qd8+ Ka7 56. Qe7+ Qb7 57. Qa3 Qb6+ 58. Kg5 a5 59. Qe7+ Ka6 60. Qe1 a4 61. Kf4 Qd4+ 62. Kf3 Qf6+ 63. Kg4 a3 64. Qe2+ Ka5 65. Qd2+ Ka4 66. Qd7+ Kb3 67. Qb5+ Kc3 68. Qa5+ Kb2 69. Qb4+ Ka2 70. Qc4+ 1/2-1/2

[Event "Amsterdam Chess Open 2024"]
[Site "Amsterdam"]
[Date "2024.11.03"]
[Round "5.23"]
[White "Alexandrov, Matvey"]
[Black "Lars Nobbe"]
[Result "1-0"]
[ECO "B50"]
[WhiteElo "1835"]
[BlackElo "1772"]
[Annotator "NA RC"]
[PlyCount "47"]
[EventDate "2024.10.31"]
[EventType "swiss"]
[EventCountry "NED"]
[SourceTitle "playchess.com"]
[Source "ChessBase"]
[SourceQuality "1"]
[TimeControl "5400+30"]

1. e4 c5 2. Nf3 e6 3. g3 Nf6 4. Nc3 d6 5. Bg2 Nc6 6. O-O Be7 7. d3 a6 8. a4 Qc7 9. Nd2 b6 10. Nc4 Bb7 11. f4 Rb8 12. f5 exf5 13. Rxf5 Nd4 14. Rf1 O-O 15. Be3 Nc6 16. Qd2 Nb4 17. Rae1 d5 18. exd5 Nbxd5 19. Nxd5 Nxd5 20. Bxd5 Bxd5 21. Bf4 Qd7 22. Bxb8 Rxb8 23. Qf4 Rf8 24. Nxb6 1-0

[Event "Amsterdam Chess Open 2024"]
[Site "Amsterdam"]
[Date "2024.11.03"]
[Round "5.24"]
[White "Lee, Jungbin"]
[Black "Giannoulas, Christos"]
[Result "0-1"]
[ECO "D03"]
[WhiteElo "1835"]
[BlackElo "1757"]
[Annotator "NA RC"]
[PlyCount "60"]
[EventDate "2024.10.31"]
[EventType "swiss"]
[EventCountry "NED"]
[SourceTitle "playchess.com"]
[Source "ChessBase"]
[SourceQuality "1"]
[TimeControl "5400+30"]

1. d4 Nf6 2. Bg5 d5 3. e3 Nbd7 4. Nf3 h6 5. Bh4 c5 6. dxc5 Qa5+ 7. Nbd2 Qxc5 8. Be2 g5 9. Bg3 e6 10. O-O Nh5 11. Be5 Nxe5 12. Nxe5 Nf6 13. c4 Bd6 14. Qa4+ b5 15. cxb5 Bxe5 16. Rac1 Qb6 17. Rc6 Qb8 18. f4 gxf4 19. exf4 Bc7 20. f5 Bxh2+ 21. Kh1 Ke7 22. fxe6 Bxe6 23. Qb4+ Bd6 24. Qh4 Be5 25. Qb4+ Ke8 26. b6 a5 27. Qb3 Qd8 28. Nf3 Ng4 29. Nxe5 Qh4+ 30. Qh3 Nf2+ 0-1

[Event "Amsterdam Chess Open 2024"]
[Site "Amsterdam"]
[Date "2024.11.03"]
[Round "5.25"]
[White "Thomas Huften"]
[Black "Aron Schot"]
[Result "1/2-1/2"]
[ECO "D23"]
[WhiteElo "1781"]
[BlackElo "1683"]
[Annotator "NA RC"]
[PlyCount "130"]
[EventDate "2024.10.31"]
[EventType "swiss"]
[EventCountry "NED"]
[SourceTitle "playchess.com"]
[Source "ChessBase"]
[SourceQuality "1"]
[TimeControl "5400+30"]

1. Nf3 d5 2. d4 Bf5 3. c4 e6 4. g3 Nf6 5. Bg2 dxc4 6. Qa4+ c6 7. Qxc4 Be7 8. O-O O-O 9. Qb3 Qb6 10. Qxb6 axb6 11. Nc3 h6 12. Bf4 Nbd7 13. Rfe1 Nd5 14. e4 Nxf4 15. exf5 Nxg2 16. Kxg2 Rfe8 17. fxe6 fxe6 18. Rxe6 Bf6 19. Rae1 Rxe6 20. Rxe6 b5 21. a3 Kf7 22. Re2 Rd8 23. Ne4 Nb6 24. Nxf6 Kxf6 25. b3 Nd5 26. Rd2 Kf5 27. Re2 Rd7 28. Ne5 Rd8 29. Rd2 Ra8 30. Ra2 Ke4 31. Nf3 Kd3 32. a4 Kc3 33. a5 Kxb3 34. Ra1 Kb4 35. Kf1 Rxa5 36. Rxa5 Kxa5 37. Ke1 b4 38. Kd1 Kb5 39. Nd2 b6 40. Kc2 c5 41. Kb3 cxd4 42. Nf3 d3 43. Ne5 d2 44. Kc2 Ka4 45. Kxd2 Ka3 46. Kc2 Ka2 47. Nd3 b3+ 48. Kc1 Ka1 49. Nb2 Nf6 50. f3 g5 51. h3 Nd5 52. h4 gxh4 53. gxh4 Nf4 54. Nc4 b5 55. Nb2 h5 56. Nd1 Nd3+ 57. Kd2 Ne5 58. f4 Nc4+ 59. Kc3 b2 60. Nxb2 Nxb2 61. f5 Nc4 62. f6 Nd6 63. Kb4 Kb2 64. Kc5 Ne4+ 65. Kxb5 Nxf6 1/2-1/2

[Event "Amsterdam Chess Open 2024"]
[Site "Amsterdam"]
[Date "2024.11.03"]
[Round "5.26"]
[White "Sonmez, Ozkal"]
[Black "Sam Ritchie"]
[Result "0-1"]
[ECO "D11"]
[WhiteElo "1637"]
[BlackElo "1600"]
[Annotator "NA RC"]
[PlyCount "76"]
[EventDate "2024.10.31"]
[EventType "swiss"]
[EventCountry "NED"]
[SourceTitle "playchess.com"]
[Source "ChessBase"]
[SourceQuality "1"]
[TimeControl "5400+30"]

1. d4 d5 2. c4 c6 3. Nf3 dxc4 4. e3 b5 5. a4 Bf5 6. b3 cxb3 7. axb5 Bc2 8. Qd2 Nf6 9. Nc3 e6 10. Ba3 Bxa3 11. Rxa3 Qd6 12. Ra4 O-O 13. Be2 cxb5 14. Bxb5 Nbd7 15. O-O Nb6 16. Ra6 Qb4 17. Bc6 Rac8 18. Ne5 Nfd5 19. Bxd5 Nxd5 20. Nb1 Bxb1 21. Qxb4 Nxb4 22. Ra4 Na2 23. Nd7 Rfd8 24. Nc5 Nc3 25. Rc4 Ne2+ 26. Kh1 Ba2 27. Ra4 Nc3 28. Ra3 Rb8 29. Nd3 Nd5 30. Nb2 Rdc8 31. e4 Nf6 32. f3 Rb7 33. Kg1 h6 34. Rd1 Rbc7 35. Nd3 g5 36. Nc5 Nh5 37. g3 e5 38. Na6 Rc1 0-1

[Event "Amsterdam Chess Open 2024"]
[Site "Amsterdam"]
[Date "2024.11.03"]
[Round "5.27"]
[White "Leonard Schneider"]
[Black "Agustin Luis Martin Reyes"]
[Result "1/2-1/2"]
[ECO "B21"]
[WhiteElo "1200"]
[BlackElo "1650"]
[Annotator "NA RC"]
[PlyCount "56"]
[EventDate "2024.10.31"]
[EventType "swiss"]
[EventCountry "NED"]
[SourceTitle "playchess.com"]
[Source "ChessBase"]
[SourceQuality "1"]
[TimeControl "5400+30"]

1. e4 c5 2. d4 cxd4 3. c3 dxc3 4. Nxc3 a6 5. Bc4 Nc6 6. Nf3 e6 7. O-O Be7 8. Qe2 d6 9. Rd1 Qc7 10. Bf4 Nf6 11. Rac1 O-O 12. Bb3 Qb8 13. e5 dxe5 14. Nxe5 Nxe5 15. Bxe5 Qa7 16. Ne4 Nxe4 17. Qxe4 Bc5 18. Qg4 f6 19. Bxe6+ Bxe6 20. Qxe6+ Kh8 21. Rd7 Rae8 22. Qg4 Rg8 23. Bxf6 gxf6 24. Qh4 Be7 25. Rcc7 Rg7 26. Rxe7 Rexe7 27. Rxe7 Rxe7 28. Qxf6+ Rg7 1/2-1/2

[Event "Amsterdam Chess Open 2024"]
[Site "Amsterdam"]
[Date "2024.11.03"]
[Round "5.28"]
[White "Charleston Chauvet"]
[Black "Boustred, Noel J"]
[Result "1-0"]
[ECO "E67"]
[WhiteElo "1200"]
[BlackElo "1614"]
[Annotator "NA RC"]
[PlyCount "52"]
[EventDate "2024.10.31"]
[EventType "swiss"]
[EventCountry "NED"]
[SourceTitle "playchess.com"]
[Source "ChessBase"]
[SourceQuality "1"]
[TimeControl "5400+30"]

1. Nf3 Nf6 2. g3 g6 3. Bg2 Bg7 4. O-O d6 5. d4 Nbd7 6. c4 e5 7. dxe5 dxe5 8. Nc3 O-O 9. Qc2 c6 10. Rd1 Qc7 11. Rb1 Nc5 12. b4 Bf5 13. e4 Nfxe4 14. Nh4 Nxc3 15. Nxf5 Nxd1 16. Nxg7 Nxf2 17. Kxf2 Kxg7 18. bxc5 Qe7 19. Rb3 Rad8 20. h4 f5 21. Bg5 Qxc5+ 22. Be3 Qe7 23. Bg5 Qc5+ 24. Be3 Qd6 25. Rxb7+ Kg8 26. c5 Qf6 1-0

[Event "Amsterdam Chess Open 2024"]
[Site "Amsterdam"]
[Date "2024.11.03"]
[Round "5.29"]
[White "Sourbh Bhadane"]
[Black "Paul Shellard"]
[Result "0-1"]
[ECO "A25"]
[WhiteElo "1200"]
[BlackElo "1550"]
[Annotator "NA RC"]
[PlyCount "90"]
[EventDate "2024.10.31"]
[EventType "swiss"]
[EventCountry "NED"]
[SourceTitle "playchess.com"]
[Source "ChessBase"]
[SourceQuality "1"]
[TimeControl "5400+30"]

1. c4 e5 2. g3 Nc6 3. Bg2 Bc5 4. Nc3 Nf6 5. e3 O-O 6. Nge2 Re8 7. O-O a6 8. d4 exd4 9. exd4 Ba7 10. h3 d6 11. Bg5 h6 12. Be3 Bf5 13. g4 Bxg4 14. hxg4 Nxg4 15. Bf4 g5 16. Bh2 f5 17. Qd3 Qd7 18. Rad1 Ne7 19. Qh3 Kg7 20. c5 d5 21. Be5+ Nxe5 22. dxe5 c6 23. b4 Ng6 24. Ng3 Rxe5 25. Nce4 Nf4 26. Nh5+ Nxh5 27. Qxh5 fxe4 28. Bh3 Qf7 29. Qe2 Rf8 30. Qb2 Qf6 31. Rd2 Re7 32. Qc2 Bb8 33. Re1 Be5 34. Rde2 Bc3 35. Rb1 Ref7 36. Bg2 Bd4 37. Rf1 Qf4 38. Qb3 Be5 39. Qh3 g4 40. Qh1 Rf5 41. Re3 Kg6 42. Qh4 Rh5 43. Qg3 Qf5 44. Bxe4 dxe4 45. Qg2 Bh2+ 0-1

[Event "Amsterdam Chess Open 2024"]
[Site "Amsterdam"]
[Date "2024.11.03"]
[Round "5.30"]
[White "Tim van Oorschot"]
[Black "Witte, Phoebe"]
[Result "1-0"]
[ECO "C07"]
[WhiteElo "1404"]
[BlackElo "1619"]
[Annotator "NA RC"]
[PlyCount "53"]
[EventDate "2024.10.31"]
[EventType "swiss"]
[EventCountry "NED"]
[SourceTitle "playchess.com"]
[Source "ChessBase"]
[SourceQuality "1"]
[TimeControl "5400+30"]

1. e4 e6 2. d4 d5 3. Nd2 c5 4. Ngf3 Nc6 5. exd5 Qxd5 6. Bc4 Qd8 7. Nb3 cxd4 8. Nbxd4 Bc5 9. Be3 Qb6 10. O-O Nf6 11. Nb5 O-O 12. Bxc5 Qxc5 13. Qe2 Ne7 14. Nc3 Bd7 15. Ne5 Rfd8 16. Rad1 Bc6 17. Nxc6 Qxc6 18. Rfe1 Ng6 19. Bb5 Qc5 20. Qf3 a6 21. Rxd8+ Rxd8 22. Bd3 Qb4 23. Rb1 Ne5 24. Qg3 Nxd3 25. cxd3 Qd6 26. Qf3 Qxd3 27. Rd1 1-0